 Dungeon Crawl Stone Soup version 0.28.0-47-ge53b351184 (webtiles) character file.

Game seed: 7147861320455467945

553 Gabide the Grave Robber (level 7, -3/52 HPs)
             Began as a Mummy Necromancer on May 3, 2022.
             Slain by a lemure (4 damage)
             ... led by Pikel
             ... on level 4 of the Dungeon.
             The game lasted 00:10:57 (3871 turns).

Gabide the Grave Robber (Mummy Necromancer)         Turns: 3871, Time: 00:10:58

Health: -3/52      AC:  4    Str: 11    XL:     7   Next: 8%
Magic:  2/14       EV: 13    Int: 17    God:
Gold:   108        SH:  5    Dex: 12    Spells: 1/16 levels left

rFire   x . .      SeeInvis .   i - +4 quarterstaff (chaos)
rCold   + . .      Faith    .   (shield currently unavailable)
rNeg    + + +      Spirit   .   a - +0 robe
rPois   ∞          Reflect  +   (no helmet)
rElec   .          Harm     .   h - +1 cloak {rCorr}
rCorr   +          Rampage  .   (no gloves)
Will    .....                   (no boots)
Stlth   ++........              d - amulet of reflection
HPRegen 0.17/turn               (no ring)
MPRegen 0.14/turn               (no ring)

@: very slightly contaminated
A: cold resistance 1, negative energy resistance 3, torment resistance 2, heat
vulnerability 1, no potions
a: no special abilities


You were on level 4 of the Dungeon.
You visited 1 branch of the dungeon, and saw 4 of its levels.

You collected 108 gold pieces.

Inventory:

Hand Weapons
 b - a +2 short sword of venom
 g - a +2 dagger of speed
 i - a +4 quarterstaff of chaos (weapon)
 m - a +2 vorpal war axe
Armour
 a - a +0 robe (worn)
 h - a +1 cloak of preservation (worn)
Jewellery
 d - an amulet of reflection (around neck)
Scrolls
 c - a scroll of noise
 e - a scroll of vulnerability {unknown}
 f - 3 scrolls of teleportation {unknown}
 j - a scroll of identify {unknown}
 k - a scroll of amnesia {unknown}
 l - a scroll of blinking {unknown}


   Skills:
 * Level 3.5 Fighting
 * Level 3.4 Dodging
 - Level 1.5 Stealth
 * Level 5.2 Spellcasting
 * Level 5.4 Necromancy


You had one spell level left.
You knew the following spells:

 Your Spells              Type           Power      Damage    Failure   Level
a - Pain                  Necr           92%        1d8       1%          1
b - Vampiric Draining     Necr           23%        2d7       4%          3
c - Corpse Rot            Necr/Air       26%        N/A       7%          2
d - Animate Dead          Necr           11%        N/A       14%         4
e - Agony                 Necr           23%        N/A       38%         5

Your spell library contained the following spells:

 Spells                   Type           Power      Damage    Failure   Level
 Animate Skeleton         Necr           46%        N/A       1%          1
 Apportation              Tloc           8%         N/A       14%         1
 Summon Small Mammal      Summ           16%        N/A       14%         1
 Ensorcelled Hibernation  Hex/Ice        8%         N/A       22%         2
 Poisonous Vapours        Pois/Air       8%         N/A       22%         2
 Anguish                  Hex/Necr       6%         N/A       41%         4
 Spider Form              Tmut/Pois      Unusable   N/A       N/A         3

Dungeon Overview and Level Annotations

Branches:
Dungeon (4/15)
 Temple: D:4-7

Altars:
Hepliaklqana
Qazlal
Trog

Shops:
D:3 [

Annotations:
D:3 3 runed translucent doors, Mattiprrivan's ghost, amateur FoHu
D:4 Pikel


Innate Abilities, Weirdness & Mutations

You are immune to poison.
Your flesh is cold resistant. (rC+)
You are immune to negative energy. (rN+++)
You are immune to unholy pain and torment.
You are vulnerable to heat. (rF-)
You do not drink.


Message History

Confirm with . or Enter, or press ? or * to list all spells.
Aiming: Vampiric Draining (dangerous; 4% risk of failure)
Press: ? - help, Shift-Dir - straight line, f/p - Pikel
Aim: Pikel, wielding a +0 whip of electrocution and wearing a +0 robe (moderately wounded)
You draw life force from Pikel!
You feel life coursing into your body. The lemure misses you.
Pikel hits you with a +0 whip of electrocution.
The lemure hits you.
Casting: Vampiric Draining (dangerous; 4% risk of failure)
Confirm with . or Enter, or press ? or * to list all spells.
Aiming: Vampiric Draining (dangerous; 4% risk of failure)
Press: ? - help, Shift-Dir - straight line, f/p - Pikel
Aim: Pikel, wielding a +0 whip of electrocution and wearing a +0 robe (severely wounded)
You miscast Vampiric Draining.
You are very lightly contaminated with residual magic.
Nothing appears to happen.
You block the lemure's attack.
Pikel hits you with a +0 whip of electrocution.
The lemure hits you!
Casting: Vampiric Draining (dangerous; 4% risk of failure)
Confirm with . or Enter, or press ? or * to list all spells.
You don't have enough magic to cast this spell.
Unknown command.
Okay, then.
You aren't carrying any items that you can evoke.
Your +4 quarterstaff of chaos is briefly surrounded by a scintillating aura of random colours.
i - a +4 quarterstaff of chaos (weapon)
The lemure misses you.
You miss Pikel.
Pikel is severely wounded.
Pikel barely misses you. The lemure closely misses you. The lemure misses you.
Pikel hits you with a +0 whip of electrocution.
* * * LOW HITPOINT WARNING * * *
You are electrocuted!
* * * LOW HITPOINT WARNING * * *
You closely miss Pikel.
Pikel is severely wounded.
The lemure hits you.
* * * LOW HITPOINT WARNING * * *
The lemure hits you.
You die...

# #.#...#
##.##.
#.###.##..#
#...).
#.........####
#.....
####)####.(..#
##.....
####.#######.#
.......
#....#....##.#
.......
#.####.......##
.....5K###.#
#.....###.
.....55@...#
#.....# #.
.....r5#####
#....####.
...#...
#.....†.#. .
##.. #....##.#.
#.> #....##.#.
### ##...##.#.
######.#. #...
####


You could see Pikel, 4 lemures and a quokka.

Vanquished Creatures
  Sigmund (D:2)
  A black bear (D:4)
  2 orc priests (D:3)
  Crazy Yiuf (D:2)
  2 orc wizards (D:3)
  2 adders
  7 gnolls
  4 worms
  A dart slug (D:2)
  7 orcs (D:3)
  4 endoplasms
  A giant cockroach (D:1)
  8 goblins
  3 hobgoblins
  3 jackals (D:1)
  7 kobolds
  3 quokkas
  4 ball pythons (D:1)
  2 bats
  5 frilled lizards
  8 rats
76 creatures vanquished.

Notes
Turn   | Place    | Note
-------+----------+-------------------------------------------
     0 | D:1      | Gabide the Mummy Necromancer began the quest for the Orb.
     0 | D:1      | Reached XP level 1. HP: 13/13 MP: 4/4
   269 | D:1      | Reached XP level 2. HP: 20/20 MP: 2/5
   702 | D:1      | Reached skill level 1 in Fighting
   771 | D:1      | Reached XP level 3. HP: 24/26 MP: 4/7
   775 | D:1      | Learned a level 3 spell: Vampiric Draining
  1011 | D:2      | Noticed Sigmund
  1023 | D:2      | Killed Sigmund
  1024 | D:2      | Reached XP level 4. HP: 23/34 MP: 1/10
  1024 | D:2      | Reached XP level 5. HP: 27/39 MP: 1/11
  1553 | D:2      | Learned a level 2 spell: Corpse Rot
  1687 | D:2      | Found a runed translucent door.
  1688 | D:2      | Noticed Crazy Yiuf
  1795 | D:2      | Killed Crazy Yiuf
  1796 | D:2      | Reached skill level 5 in Necromancy
  1796 | D:2      | Reached XP level 6. HP: 26/46 MP: 2/12
  2610 | D:3      | Found a runed translucent gate.
  2610 | D:3      | Found a runed translucent gate.
  2610 | D:3      | Found a runed translucent gate.
  2611 | D:3      | Noticed Mattiprrivan's ghost (amateur FoHu)
  2613 | D:3      | Noticed a moth of wrath
  2616 | D:3      | Found a bloodstained altar of Trog.
  3072 | D:3      | Reached skill level 5 in Spellcasting
  3190 | D:3      | Found Unkopeq's Antique Armour Shoppe.
  3219 | D:3      | Found a stormy altar of Qazlal.
  3462 | D:3      | Found a hazy altar of Hepliaklqana.
  3716 | D:4      | Reached XP level 7. HP: 52/52 MP: 2/14
  3721 | D:4      | Learned a level 4 spell: Animate Dead
  3727 | D:4      | Learned a level 5 spell: Agony
  3858 | D:4      | Noticed Pikel
  3870 | D:4      | HP: 2/52 [Pikel/+0 whip of electrocution (11)]
  3871 | D:4      | Slain by a lemure

Illustrated notes

Levels and vault maps discovered:
D:1:      eino_arrival_druids_welcome, layout_loops_cross
D:2:      layout_basic, uniq_crazy_yiuf_cottage, uniq_sigmund
D:3:      layout_basic, nicolae_qazlal_eye_of_the_storm,
          worldfamousw_hep_ancestral_shrine, tgw_trog, serial_shops, shop,
          gammafunk_ghost_split
D:4:      cheibrodos_greedy_goblins, layout_basic, uniq_pikel

Skill      XL: |  1  2  3  4  5  6 |
---------------+-------------------+-----
Spellcasting   | 3 4 5 |  5.2
Fighting       | 1 2 3 |  3.5
Dodging        | 2 3 |  3.4
Necromancy     | 5 |  5.4
Stealth        | |  1.5

Action                   |  1- 3 |  4- 6 |  7- 9 || total
-------------------------+-------+-------+-------++-------
Melee: Short sword       |    13 |    17 |       ||    30
       War axe           |       |     4 |     4 ||     8
       Quarterstaff      |       |       |     2 ||     2
 Cast: Pain              |    47 |    91 |     6 ||   144
       Vampiric Draining |       |    12 |     3 ||    15
  Use: Scroll            |       |     1 |       ||     1
Armor: Robe              |       |    15 |       ||    15
Dodge: Dodged            |    12 |    20 |    13 ||    45
Block: Other             |       |     8 |     4 ||    12
